 Dungeon Crawl Stone Soup version 0.29-a0-367-gc2b5878c41 (webtiles) character file.

Game seed: 6704728602063811417

501 Artihs the Conjurer (level 7, -4/46 HPs)
             Began as a Human Conjurer on May 1, 2022.
             Slain by a komodo dragon (18 damage)
             ... on level 5 of the Dungeon.
             The game lasted 00:41:56 (4848 turns).

Artihs the Conjurer (Human Conjurer)                Turns: 4848, Time: 00:41:57

Health: -4/46      AC:  8    Str: 12    XL:     7   Next: 40%
Magic:  1/12       EV: 11    Int: 26    God:
Gold:   196        SH:  0    Dex: 11    Spells: 4/13 levels left

rFire   . . .      SeeInvis .   c - +2 short sword (protect)
rCold   . . .      Faith    .   (no shield)
rNeg    . . .      Spirit   .   k - +1 ring mail of Inevitability {rElec Str+4}
rPois   +          Reflect  .   o - +0 hat
rElec   +          Harm     .   s - +0 cloak
rCorr   .          Rampage  .   j - +0 pair of gloves
Will    +....                   (no boots)
Stlth   +.........              (no amulet)
HPRegen 0.15/turn               i - ring of poison resistance
MPRegen 0.13/turn               m - ring "Niutaod" {Will+ Int+6}

@: no status effects
A: no striking features
a: no special abilities


You were on level 5 of the Dungeon.
You visited 2 branches of the dungeon, and saw 6 of its levels.

You collected 196 gold pieces.

Inventory:

Hand Weapons
 c - a +2 short sword of protection (weapon)
 p - a +2 dagger of electrocution
 v - a +0 dagger of flaming
Armour
 a - a +0 robe
 f - a +2 buckler
 j - a +0 pair of gloves (worn)
 k - the +1 ring mail of Inevitability (worn) {rElec Str+4}
   (You found it on level 3 of the Dungeon)

   Str:       It affects your strength (+4).
   rElec:     It insulates you from electricity.
 o - a +0 hat (worn)
 s - a +0 cloak (worn)
Jewellery
 i - a ring of poison resistance (left hand)
 m - the ring "Niutaod" (right hand) {Will+ Int+6}
   (You found it on level 3 of the Dungeon)

   [ring of intelligence]

   Int:       It affects your intelligence (+6).
   Will:      It increases your willpower.
 y - a ring of fire
Wands
 u - a wand of digging (5)
Scrolls
 e - a scroll of enchant weapon
 g - 2 scrolls of enchant armour
 h - 2 scrolls of teleportation
 l - a scroll of amnesia {unknown}
 r - 2 scrolls of fog {unknown}
 t - a scroll of vulnerability {unknown}
 w - a scroll of silence {unknown}
 z - a scroll of fear {unknown}
Potions
 b - a potion of magic
 d - 2 potions of brilliance {unknown}
 n - 2 potions of attraction {unknown}
 q - a potion of curing
 x - 2 potions of degeneration {unknown}


   Skills:
 + Level 2.3 Armour
 * Level 3.9 Dodging
 + Level 3.0 Stealth
 * Level 3.6 Spellcasting
 * Level 5.2 Conjurations
 + Level 2.0 Necromancy
 + Level 0.0 Translocations


You had 4 spell levels left.
You knew the following spells:

 Your Spells              Type           Power      Damage    Failure   Level
a - Magic Dart            Conj           100%       1d8       2%          1
b - Searing Ray           Conj           64%        2d6       3%          2
c - Iskenderun's Mystic   Conj/Tloc      18%        2d6       54%         4
d - Pain                  Necr           60%        1d7       9%          1
e - Animate Skeleton      Necr           30%        N/A       9%          1

Your spell library contained the following spells:

 Spells                   Type           Power      Damage    Failure   Level
 Dazzling Flash           Conj/Hex       36%        N/A       21%         3
 Vampiric Draining        Necr           15%        2d7       26%         3
 Fulminant Prism          Conj/Hex       9%         3d7       54%         4


Dungeon Overview and Level Annotations

Branches:
Dungeon (5/15)             Temple (1/1) D:4

Altars:
Ashenzari
Cheibriados
Elyvilon
Kikubaaqudgha
Nemelex Xobeh
Okawaru
Trog
Wu Jian
Yredelemnul
Zin
The Shining One
Lugonu


Message History

Aiming: Searing Ray (safe; 3% risk of failure)
Press: ? - help, Q - select action, (/) - cycle Shift-Dir - straight line, f/p - komodo dragon
Aim: a komodo dragon (lightly wounded, 86% to hit)
The searing ray hits the komodo dragon!
The komodo dragon is moderately wounded. (Press . to maintain the ray.) Restarting spell: Searing Ray (safe; 3% risk of failure)
Press: ? - help, Q - select action, (/) - cycle Shift-Dir - straight line, f/p - komodo dragon
Aim: a komodo dragon (moderately wounded, 86% to hit)
The searing ray hits the komodo dragon but does no damage.
The komodo dragon is moderately wounded. (Press . to maintain the ray.)
The komodo dragon bites you.
You closely miss the komodo dragon.
The komodo dragon is moderately wounded.
The komodo dragon closely misses you.
You hit the komodo dragon but do no damage.
Your weapon exudes an aura of protection.
The komodo dragon is moderately wounded.
The komodo dragon bites you but does no damage.
Aiming: Searing Ray (safe; 3% risk of failure)
Press: ? - help, Q - select action, (/) - cycle Shift-Dir - straight line, f/p - komodo dragon
Aim: a komodo dragon (moderately wounded, 86% to hit)
The searing ray hits the komodo dragon.
The komodo dragon is moderately wounded. (Press . to maintain the ray.)
The komodo dragon bites you!
Restarting spell: Searing Ray (safe; 3% risk of failure)
Press: ? - help, Q - select action, (/) - cycle Shift-Dir - straight line, f/p - komodo dragon
Aim: a komodo dragon (moderately wounded, 86% to hit)
The searing ray hits the komodo dragon.
The komodo dragon is heavily wounded. (Press . to maintain the ray.)
The komodo dragon bites you!
The searing ray hits the komodo dragon!
The komodo dragon is severely wounded.
The komodo dragon bites you!
The searing ray misses the komodo dragon.
The komodo dragon bites you!!
You die...

#.# #....##### #...<.## #.
#####..# ♣.. ##.# ≈≈≈♣♣# #<#
≈≈≈≈≈P♣##### #.#
≈≈≈≈P≈≈♣...######.#########
≈≈≈≈P≈P≈≈...l@.......<....##
≈≈g≈≈≈≈≈..##########.......#
..P≈JP≈..## #########
........## g.....### ≈....#
≈≈h## ♣≈ ♣


You could see a komodo dragon.

Vanquished Creatures
  Sigmund (D:2)
  A scorpion (D:4)
  A hound (D:4)
  Jessica (D:2)
  An orc wizard (D:4)
  Robin (D:3)
  8 adders
  An ufetubus (D:4)
  2 worms (D:2)
  4 dart slugs
  7 orcs
  9 endoplasms
  6 giant cockroaches
  10 goblins
  8 hobgoblins
  4 jackals (D:1)
  4 kobolds
  8 quokkas
  8 ball pythons
  5 bats
  3 frilled lizards (D:2)
  7 rats
100 creatures vanquished.

Vanquished Creatures (others)
  6 demonic plants (Temple)
  11 plants (D:5)
17 creatures vanquished.

Grand Total: 117 creatures vanquished

Notes
Turn   | Place    | Note
-------+----------+-------------------------------------------
     0 | D:1      | Artihs the Human Conjurer began the quest for the Orb.
     0 | D:1      | Reached XP level 1. HP: 13/13 MP: 3/3
   295 | D:1      | Reached XP level 2. HP: 19/19 MP: 0/5
   373 | D:1      | Learned a level 2 spell: Searing Ray
   656 | D:1      | Reached XP level 3. HP: 24/24 MP: 1/6
   904 | D:2      | Noticed Sigmund
   913 | D:2      | Killed Sigmund
   914 | D:2      | Reached skill level 1 in Armour
   914 | D:2      | Reached skill level 1 in Necromancy
   914 | D:2      | Reached XP level 4. HP: 14/30 MP: 0/8
   914 | D:2      | Reached XP level 5. HP: 17/35 MP: 0/9
  1092 | D:2      | Found a white marble altar of Elyvilon.
  1171 | D:2      | Reached XP level 6. HP: 41/41 MP: 5/10
  1269 | D:2      | Noticed Jessica
  1271 | D:2      | Killed Jessica
  1945 | D:3      | Identified the +1 ring mail of Inevitability {rElec Str+4}
  2062 | D:3      | Found a sparkling altar of Nemelex Xobeh.
  2187 | D:3      | Identified the ring "Niutaod" {Will+ Int+6}
  2251 | D:3      | Learned a level 4 spell: Iskenderun's Mystic Blast
  2253 | D:3      | Learned a level 1 spell: Pain
  2255 | D:3      | Learned a level 1 spell: Animate Skeleton
  2417 | D:3      | Noticed Robin
  2438 | D:3      | Killed Robin
  2439 | D:3      | Reached skill level 5 in Conjurations
  3034 | D:3      | Found a snail-covered altar of Cheibriados.
  3243 | D:4      | Found a staircase to the Ecumenical Temple.
  3255 | Temple   | Entered the Ecumenical Temple
  3531 | D:4      | Reached XP level 7. HP: 46/46 MP: 0/12
  4760 | D:5      | Entered Level 5 of the Dungeon
  4835 | D:5      | Noticed a komodo dragon
  4848 | D:5      | Slain by a komodo dragon

Illustrated notes

Levels and vault maps discovered:
D:1:      minmay_arrival_radiant_lines, layout_basic
D:2:      layout_rooms, basic_altar, uniq_jessica, uniq_sigmund
D:3:      layout_basic, mainiacjoe_overflow_tiny_flanked, nemelex_altar_shiori,
          minmay_crystal_room, minmay_strange_pillars, uniq_robin
D:4:      layout_loops_ring, temple_statues, minmay_increasing_density
D:5:      layout_rooms, nicolae_overflow_crystal_walls, old_standard_altar,
          mainiacjoe_overflow_brackets, serial_bayou_ford_a
Temple:   kb_corrupted_temple

Skill      XL: |  1  2  3  4  5  6  7 |
---------------+----------------------+-----
Armour         | 1 2 |  2.3
Dodging        | 3 |  3.9
Necromancy     | 1 2 |  2.0
Spellcasting   | 3 |  3.6
Conjurations   | 5 |  5.2
Stealth        | 3 |  3.0

Action                   |  1- 3 |  4- 6 |  7- 9 || total
-------------------------+-------+-------+-------++-------
Melee: Short sword       |    15 |    22 |     5 ||    42
 Cast: Magic Dart        |    35 |   112 |    78 ||   225
       Searing Ray       |     2 |     5 |     4 ||    11
       Pain              |       |       |     1 ||     1
  Use: Scroll            |       |     3 |       ||     3
Armor: Robe              |     2 |       |       ||     2
       Ring mail         |       |     9 |    10 ||    19
Dodge: Dodged            |    11 |    15 |    11 ||    37

Table legend: (Time is in decaauts)
 A = Elapsed time spent in this place.
 B = Non-inter-level travel time spent in this place.
 C = Inter-level travel time spent in this place.
 D = Time resting spent in this place.
 E = Time spent auto-exploring this place.
 F = Levels seen in this place.
 G = Mean time per level.
                   A        B        C        D        E       F      G
               +--------+--------+--------+--------+--------+-----+--------+
         Total |   4850 |   4110 |    740 |   1536 |   1998 |   6 |  808.3 |
       Dungeon |   4604 |   3998 |    606 |   1536 |   1907 |   5 |  920.8 |
        Temple |    245 |    111 |    134 |      0 |     91 |   1 |  245.0 |
               +--------+--------+--------+--------+--------+-----+--------+

Top non-repeatable levels by time:
     D:3: 1441 daAuts
     D:4: 1318 daAuts
     D:1: 904 daAuts
     D:2: 852 daAuts
  Temple: 245 daAuts
     D:5: 87 daAuts
